 Dungeon Crawl Stone Soup version 0.29.1-2-gbd0b4ee654 (webtiles) character file.

Game seed: 12229134428852256402

471 safid the Shooter (level 6, -6/58 HPs)
             Began as a Minotaur Hunter on Nov 30, 2022.
             Mangled by Duvessa
             ... wielding a +0 short sword
              (17 damage)
             ... on level 4 of the Dungeon.
             The game lasted 00:03:18 (3722 turns).

safid the Shooter (Minotaur Hunter)                 Turns: 3722, Time: 00:03:19

Health: -6/58      AC:  3    Str: 15    XL:     6   Next: 83%
Magic:  5/5        EV: 12    Int:  6    God:
Gold:   235        SH:  0    Dex: 16    Spells: 5/5 levels left

rFire   . . .      SeeInvis .   a - +0 shortbow
rCold   . . .      Faith    .   (shield currently unavailable)
rNeg    . . .      Spirit   .   c - +0 leather armour
rPois   .          Reflect  .   (helmet restricted)
rElec   .          Harm     .   (no cloak)
rCorr   .          Rampage  .   (no gloves)
Will    .....                   (no boots)
Stlth   +.........              (no amulet)
HPRegen 0.19/turn               (no ring)
MPRegen 0.09/turn               (no ring)

@: no status effects
A: horns 2, retaliatory headbutt
a: no special abilities


You were on level 4 of the Dungeon.
You visited 1 branch of the dungeon, and saw 4 of its levels.

You collected 235 gold pieces.

Inventory:

Hand Weapons
 a - a +0 shortbow (weapon)
Armour
 c - a +0 leather armour (worn)
Jewellery
 m - a +4 ring of protection
Scrolls
 b - 3 scrolls of immolation
 d - 2 scrolls of butterflies {unknown}
 g - a scroll of enchant armour {unknown}
 h - a scroll of magic mapping {unknown}
 i - 2 scrolls of identify {unknown}
 l - a scroll of blinking {unknown}
 p - a scroll of teleportation {unknown}
 r - a scroll of fear {unknown}
 s - a scroll of poison {unknown}
Potions
 e - a potion of magic {unknown}
 f - a potion of mutation {unknown}
 j - 2 potions of heal wounds {unknown}
 k - a potion of brilliance {unknown}
 n - a potion of degeneration {unknown}
 o - a potion of curing {unknown}
 q - a potion of lignification {unknown}


   Skills:
 + Level 6.5 Fighting
 + Level 7.1 Ranged Weapons
 - Level 2.1 Dodging
 - Level 0.7 Stealth


You had 5 spell levels left.
You didn't know any spells.
Your spell library contained the following spells:

 Spells                   Type           Power      Damage    Failure   Level
 Shock                    Conj/Air       0%         1d3       52%         1
 Ozocubu's Armour         Ice            0%         N/A       88%         3
 Swiftness                Air            0%         N/A       88%         3
 Airstrike                Air            0%         2d(0-16)  99%         4
 Ozocubu's Refrigeration  Ice            0%         4d7       100%        7


Dungeon Overview and Level Annotations

Branches:
Dungeon (4/15)
 Temple: D:4-7

Altars:

Annotations:
D:4 Duvessa


Innate Abilities, Weirdness & Mutations

You have a pair of horns on your head.
You reflexively headbutt those who attack you in melee.


Message History

Duvessa moves out of view.
You shoot an arrow.
The arrow hits Dowan but does no damage.
Dowan is severely wounded.
You shoot an arrow.
The arrow hits Dowan but does no damage.
Dowan is severely wounded.
Dowan points at you and mumbles some strange words.
The puff of frost misses you.
You shoot an arrow. The arrow hits Dowan.
Dowan is severely wounded.
An iguana comes into view.
Dowan casts a spell.
Dowan blinks!
You shoot an arrow. The arrow barely misses the iguana.
You shoot an arrow.
The arrow hits the iguana but does no damage.
The iguana bites you. The iguana misses you. You furiously retaliate!
You headbutt the iguana. You shoot an arrow.
The arrow closely misses the iguana.
The iguana bites you!
Unknown command.
The iguana attacks as you move away! The iguana barely misses you.
Dowan hits you with a +0 dagger. The iguana attacks as you move away!
The iguana bites you! Dowan attacks as you move away! Dowan barely misses you.
You furiously retaliate!
You headbutt Dowan!
You kill Dowan!
Duvessa screams in rage.
Duvessa goes berserk!
Duvessa rages.
You hear a shout!
The iguana attacks as you move away! The iguana bites you.
The iguana attacks as you move away! The iguana misses you.
You furiously retaliate!
You headbutt the iguana. The iguana attacks as you move away!
The iguana bites you! The iguana attacks as you move away!
The iguana bites you!
* * * LOW HITPOINT WARNING * * *
There is an escape hatch in the floor here.
Duvessa attacks as you move away! Duvessa hits you with a +0 short sword!
You die...

≈~#...##.).........#
≈~................#
≈~..#...#.........# ≈
#..##.........###
##..............##
##......†........#
.#..............#####
.......el......####.##
..#....@.............#
.##..###.............# #..
#......#.#....# ##.
........###..### .........#
#..# ≈≈~88.....#
#....#.#.###..###
...........#####..###.>##....#
..........#...###..###......###
~≈≈~~88...#....#..# #.........#


You could see Duvessa (berserk) and an iguana.

Vanquished Creatures
  Grinder (D:4)
  Dowan (D:4)
  A hound (D:3)
  Jessica (D:3)
  Natasha (D:2)
  Robin (D:4)
  5 adders
  A worm (D:2)
  A dart slug (D:2)
  An orc (D:3)
  2 endoplasms
  6 giant cockroaches
  13 goblins
  10 hobgoblins
  3 jackals (D:1)
  7 kobolds
  2 quokkas
  7 ball pythons
  10 bats
  8 frilled lizards
  4 rats
86 creatures vanquished.

Notes
Turn   | Place    | Note
-------+----------+-------------------------------------------
     0 | D:1      | safid the Minotaur Hunter began the quest for the Orb.
     0 | D:1      | Reached XP level 1. HP: 18/18 MP: 0/0
   216 | D:1      | Reached XP level 2. HP: 26/26 MP: 1/1
  1120 | D:2      | Reached skill level 5 in Ranged Weapons
  1120 | D:2      | Reached XP level 3. HP: 31/31 MP: 2/2
  1693 | D:2      | Found a faded altar of an unknown god.
  1765 | D:2      | Noticed Natasha
  1767 | D:2      | Killed Natasha
  1768 | D:2      | Reached XP level 4. HP: 38/40 MP: 3/3
  2353 | D:3      | Reached XP level 5. HP: 36/47 MP: 4/4
  2465 | D:3      | Noticed Jessica
  2467 | D:3      | Killed Jessica
  2468 | D:3      | Reached skill level 5 in Fighting
  2468 | D:3      | Reached skill level 6 in Ranged Weapons
  2895 | D:4      | Noticed Robin
  3250 | D:4      | Killed Robin
  3379 | D:4      | Noticed Grinder
  3391 | D:4      | Paralysed by Grinder for 4 turns
  3403 | D:4      | Killed Grinder
  3404 | D:4      | Reached XP level 6. HP: 4/57 MP: 5/5
  3697 | D:4      | Reached skill level 7 in Ranged Weapons
  3704 | D:4      | Noticed Dowan
  3707 | D:4      | Noticed Duvessa
  3715 | D:4      | Killed Dowan
  3722 | D:4      | Mangled by Duvessa

Illustrated notes

Levels and vault maps discovered:
D:1:      roderic_crossed_star, layout_loops_corners
D:2:      layout_basic, shapermc_ecumenical_altar_mp_highgroup, uniq_natasha
D:3:      layout_basic, uniq_jessica
D:4:      wander_river, layout_cave_pools, uniq_grinder, uniq_robin,
          uniq_duvessa

Skill      XL: |  1  2  3  4  5  6 |
---------------+-------------------+-----
Fighting       | 3 4 6 |  6.5
Ranged Weapons | 5 6 7 |  7.1
Dodging        | |  2.1
Stealth        | |  0.7

Action                   |  1- 3 |  4- 6 || total
-------------------------+-------+-------++-------
 Fire: Shortbow          |   107 |   128 ||   235
Armor: Leather armour    |    12 |    11 ||    23
Dodge: Dodged            |    43 |    58 ||   101
